Semilg, chaotic female orcish Wizard ---------- |........| ...%...... ----- |........| .... |.>.@....| .... ---Z------ ... # ... # ... # ############ # # ## ----.--# |.<...|## |.....-# |.....| ------- Semilg the Conjurer Experience level: 3 Strength: 9 Dexterity: 14 Constitution: 16 Intelligence: 13 Wisdom: 16 Charisma: 8 Health: 0(18) Energy: 43(43) Def: 1 Gold: 254 Moves: 1285 Dungeon seed: ivR0PbPm0ME9ul7o Game ID: Semilg_1552819669 Your Inventory: Coins $ - 254 gold pieces Weapons a - a blessed +1 quarterstaff (weapon in hands) g - a blessed +1 spear Armor e - an uncursed +0 cloak of magic resistance (being worn) n - an uncursed +0 banded mail q - an uncursed +0 leather armor Scrolls j - an uncursed scroll of magic mapping m - an uncursed scroll of scare monster p - an uncursed scroll of stinking cloud Spellbooks b - a blessed spellbook of force bolt c - an uncursed spellbook of slow monster Potions f - an uncursed potion of healing i - an uncursed potion of speed o - an uncursed potion of oil r - 2 uncursed potions of sickness Wands d - an uncursed wand of nothing (0:6) Spells and supernatural/magical abilities: Name Level Category Fail Memory a - force bolt 1 attack 0% 94% s - slow monster 1 enchantment 0% 94% W - pray for help -- divine ? -- Your skills at the end: Miscellaneous Skills wands [Basic] Weapon Skills scimitar [Basic] quarterstaff [Basic] Spellcasting Skills attack spells [Basic] enchantment spells [Basic] Final Attributes: You were piously aligned. You were poison resistant. You were magic-protected. You had infravision. You are dead. Vanquished creatures: 2 geckos a giant rat a yellow mold 2 gnomes 2 manes 4 jackals a kobold a newt a goblin 7 grid bugs 3 lichens a kobold zombie 26 creatures vanquished. Voluntary challenges: You were vegetarian. You did not adorn yourself with jewelry or accessories. You did not cause conflict. You were not invisible. You did not have reflection. You were not displaced. You were an atheist. You used a wielded weapon 31 times, starting on turn 118. You did not use tools. You did not use plumbed fixtures. You did not drink any magical draughts. You were illiterate. You never genocided any monsters. You never polymorphed an object. You never changed form. You used no wishes. You never split a pudding. You never wrote Elbereth's name. You never violated your personal moral code. Dungeon overview: The Dungeons of Doom: levels 1 to 4 Level 1 a long staircase Level 2 a fountain Level 3 an armor shop Level 4 <- You were here a long staircase History has recorded: On T:1 you entered the Dungeons of Doom to retrieve the Amulet of Yendor! On T:457 you reached level 2 of The Dungeons of Doom. On T:634 you reached level 3 of The Dungeons of Doom. On T:694 you advanced to experience level 2. On T:696 you reached level 4 of The Dungeons of Doom. On T:966 you advanced to experience level 3. Score breakdown: Gold: 254 ( 25 points) Experience: 3 levels ( 200 points) Exploration: 4 levels ( 90 points) Discoveries: 6 items ( 300 points) Variety of kills: 12 monsters ( 600 points) Major goal: (nothing yet) ( 0 points) Survival: died (score multiplied by 3) Total score: 3645 Latest messages: You hit the yellow mold. You kill the yellow mold! A floating eye blocks your way. (2x) The gnome wields a crossbow! You stop exploring. You hit the gnome. The gnome punches you! You kill the gnome! The gnome swings his crossbow at you. The gnome hits! The gnome punches you! You hit the gnome. The gnome swings his crossbow at you. The gnome hits! The gnome punches you! You kill the gnome! There are a few objects here. You have a little trouble lifting r - a swirly potion. The dwarf zombie scratches you! You hit the dwarf zombie! The dwarf zombie scratches you! You die... Final status: Goodbye Semilg the Wizard, killed by a dwarf zombie... You died in The Dungeons of Doom on dungeon level 4 with 3645 points, and 254 pieces of gold, after 1285 moves. You were level 3 with a maximum of 18 hit points when you died.